Workbook

Sheet START
B2: ESTATE PLANNING SYSTEM, PART OF THE MONEY ACTION PLAN (www.moneyactionplan.com)
B3: This Estate Planning System is a companion to the book, Estate Planning – the Basics. We highly recommend buying the book for much greater detail about Estate Planning.
B4: This software consists of a series of linked spreadsheets which, when completed, will provide you with the information you will need to meet with an estate planning attorney.
B5: The spreadsheets were designed in Microsoft Excel but have been tested in LibreOffice and Google Apps. Feel free to download the workbook and open with any of the three apps mentioned.
B6: USING THE SPREADSHEETS
B7: This is copyrighted software as part of the Money Action Plan system, so please don’t make hundreds of copies for your friends and family. They can download the software themselves. It’s a FREE download. Go to www.moneyactionplan.com for other downloads and the full series of Money Action Plan books.
B8: USE THE TABS AT THE BOTTOM OF THE WORKBOOK to access any of the spreadsheets. ALL the spreadsheets are locked to prevent any inadvertent changes and to help the user concentrate on only the allowed input areas which are in Yellow on the spreadsheets. You can complete these spreadsheets in any order or jump around as you gather information. Each spreadsheet contains areas for input by the user and other data which is calculated by formulas that cannot be accessed or changed by the user.
B9: All the spreadsheets have some SAMPLE data in them. To preserve this sample data, you can save the workbook under a different name before you start filling in the forms or you can print the entire workbook for reference. That way the sample date is always available to you. SAMPLE data in each spreadsheet is for your use as an explanation of what should be listed on the form. This sample data can be deleted or typed over.
B10: You can use this workbook in two different ways or a combination.
B11: 1. All the spreadsheets can be printed with the sample data that is already included in them and then completed manually.
B12: 2. You can also complete the forms in the software which will provide you with the Summary Snapshot updated from the other spreadsheets. There are also some explanations and other data on the screens which can be helpful.
B13: 3. And, of course, you can print them out, complete them manually, and then use those to complete them in the software.
... B34: Copyright 2017-2023 Money Action Plan, The Neimaur Group LLC

Sheet SUM
C3: SUMMARY SNAPSHOT REPORT | E3: =TODAY() -> 45066
C4: ESTATE ESTIMATED VALUE
C5: =PERS!B4 -> Thomas A. Smith | D5: =PERS!B6 -> Susan B.Smith
E7: Value | I7: EXPLANATION:
C8: Cash Accounts | E8: =CASH!E20 -> 4567 | I8: This Summary is completed by the other forms as you enter totals on them. You can also add additional items if you like and they will be added into the total.
C9: Investment Assets | E9: =INVEST!E20 -> 78703.25
C10: Real Estate | E10: ='REAL E'!E19 -> 960000
C11: Copyrights | E11: =COPY!F19 -> 200
C12: Patents | E12: =PATENT!F20 -> 1000
C13: Business Owned | E13: =BUSINESS!H20 -> 18000
C14: Other Assets | E14: =OTHER!E20 -> 43800
C22: TOTAL Estimated Estate value | F22: =SUM(E8:E20) -> 1106270.2
C24: Specific Bequests subtracted from total | F24: =BEQUESTS!E20 -> 25500
C26: Remaining for Distribution | F26: =F22-F24 -> 1080770.2
C28: NOTE: This is only a snapshot of your estate value based on the information you input. At the time of the administration of your estate, this report could be completed with real, up-to-date information as of your date of death.
C31: Copyright 2017-2023 Money Action Plan, The Neimaur Group LLC

Sheet PERS
B2: Personal Data Sheet
B3: Full Legal Name 1 | D3: Date of Birth
B4: Thomas A. Smith | D4: 19705 | K4: EXPLANATION:
B5: Full Legal Name 2 | D5: Date of Birth | K5: Use this spreadsheet to record all the personal information needed about you, your spouse, children and other individuals that may be heirs to your estate.
B6: Susan B.Smith | D6: 20422
B7: Married Enter Y or N | C7: Y
B8: Permanent Address | C8: Street: State: ZIP: | E8: City: | G8: State: | H8: ZIP
B9: Phone(s) | C9: Home: | E9: Cell | G9: Work | H9: Other
B10: Email(s) | C10: Email 1 | E10: Email 2 | G10: Email 3 | H10: Email 4
B11: Children (Full Legal Names):
D12: Date of birth | F12: Address | H12: Phone
D14: Date of birth | F14: Address | H14: Phone
D16: Date of birth | F16: Address | H16: Phone
D18: Date of birth | F18: Address | H18: Phone
D20: Date of birth | F20: Address | H20: Phone
D22: Date of birth | F22: Address | H22: Phone
D24: Date of birth | F24: Address | H24: Phone
D26: Date of birth | F26: Address | H26: Phone
D28: Date of birth | F28: Address | H28: Phone
D30: Date of birth | F30: Address | H30: Phone
B32: Other Beneficiaries (Full Legal Names):
D33: Date of birth | F33: Address | H33: Phone
D35: Date of birth | F35: Address | H35: Phone
D37: Date of birth | F37: Address | H37: Phone
D39: Date of birth | F39: Address | H39: Phone
B42: Person to be Named Executor of Estate (Full Legal Name):
D43: Address | H43: Phone
D45: Address | H45: Phone
B47: Copyright 2017-2023 Money Action Plan, The Neimaur Group LLC

Sheet CASH
B2: Cash Accounts List
B3: Account Name | C3: Account # | D3: Account Owner | E3: Balance | F3: As of Date | G3: Beneficiary | H3: Have Statement Y/N | I3: Copy Attached Y/N
B4: Checking Account | D4: Tom and Sue Smith | E4: 4567 | K4: EXPLANATION:
K5: These are accounts that are essentially available cash, such as checking and savings accounts that you can withdraw from immediately. Don't include Certificates of Deposit (CDs) or other investments on this form.
B20: Copyright 2017-2023 Money Action Plan, The Neimaur Group LLC | E20: =SUM(E4:E19) -> 4567

Sheet INVEST
B2: Investment Assets List
B3: Account Name | C3: Account # / Fund # | D3: Account Owner | E3: Balance | F3: As of Date | G3: Beneficiary | H3: Have Statement Y/N | I3: Copy Attached Y/N
K4: EXPLANATION:
B5: IRA | C5: 123456 | E5: 12370 | H5: Y | K5: These are investment accounts such as IRAs, 401Ks, or other retirement accounts that you contribute to through your employer: Stocks, Bonds, Mutual Funds, other investments that you purchase on your own. Also, include Certificates of Deposit (CDs) here.
B6: 401K | C6: 789012 | E6: 23850 | H6: Y
B7: Vanguard Mutual Fund | C7: 35791 | E7: 15000 | H7: Y
B8: Fidelity Mutual Fund | C8: 38921356 | E8: 22483.25 | H8: Y
B9: Bank CD | C9: 48926 | E9: 5000 | H9: N
B20: Copyright 2017-2023 Money Action Plan, The Neimaur Group LLC | E20: =SUM(E4:E19) -> 78703.25

Sheet REAL E
B2: Real Estate List
B3: Property Name | C3: Property Address | D3: Owner(s) | E3: Valuation | F3: Deed Ownership Form | H3: Have Deed Y/N | I3: Copy Attached Y/N
B4: House 1 | C4: 123 Main St | E4: 245000 | F4: Joint Tenancy with right of survivorship | H4: Y | I4: Y | K4: EXPLANATION:
B5: House 2 | C5: 456 Elm St | E5: 190000 | F5: Tenancy in Common | H5: Y | I5: N | K5: List any Real Estate you own, including all houses, land and partial interests in other property, such as a time shares or business property.
B7: Land | C7: Montana | E7: 55000 | F7: Tenants by Entirety | H7: Y
B9: Time Share | C9: Hawaii - 2 weeks | E9: 45000 | F9: Community Property | H9: Y
K10: DEED OWNERSHIP FORMS
B11: Business Property | C11: 2755 Oak St | D11: Partial Owner 50% - my share | E11: 425000 | F11: Partnership Owners | H11: Y | K11: 5 Common Methods of Holding Real Property Title
K12: This is an article from investopedia.com that explains the different ownership forms for real estate.
B19: Copyright 2017-2023 Money Action Plan, The Neimaur Group LLC | E19: =SUM(E4:E18) -> 960000

Sheet COPY
B2: Copyright List
B3: Name of Work | C3: Published / Copyright Date | D3: Copyright Owner | E3: Copies sold or distributed | F3: Valuation | G3: Have Written Copyright Y/N | H3: Copy Attached Y/N
B4: Novel | E4: 200 | F4: 100 | G4: N | H4: N | J4: EXPLANATION:
B5: How to Personal Finance | E5: 500 | F5: 100 | G5: N | J5: If you have ever written a book or article that was published anywhere, written and recorded music or written software that has been sold or offered to the public, you automatically have a copyright on that work. To have a written copyright from the US Copyright Office you would have had to apply and pay a fee.
J11: COPYRIGHT VALUATION
J12: Valuation of a copyright is very difficult and specialized. It takes into account the subject matter, the sales volume, the development possibilities (movies, record cds, software development possibilities) among other factors. If you really want to put a valus on your copyright, you would need to hire a company that does that type of work. This would not be necessary in most cases. HOWEVER, if you are just estimating a value for estate purposes, I recommend a minimum value.
B19: Copyright 2017-2023 Money Action Plan, The Neimaur Group LLC | F19: =SUM(F4:F18) -> 200

Sheet PATENT
B2: Patent List
B3: Name of Patent | C3: Details (if Required) | D3: Patent Owner | E3: Patent Date | F3: Valuation | G3: Have Final Patent Form Y/N | H3: Copy Attached Y/N
B4: Thing for making ?? | C4: Refer to specs and drawings | D4: Tom Smith | E4: 30495 | F4: 1000 | G4: Y | J4: EXPLANATION:
J5: If you have ever patented an invention or an idea for an improvement in an existing product, and have been issued a patent number for it, you should list it here. It doesn't matter if the your patented product or idea is in production.
J11: PATENT VALUATION
J12: Valuation of a patent is very difficult and specialized. It takes into account the subject matter, the sales volume, the development possibilities (products, services, sales channels) among other factors. If you really want to put a valus on your patent, you would need to hire a company that does that type of work. HOWEVER, if you are just estimating a value for estate purposes, I recommend a minimum value.
B20: Copyright 2017-2023 Money Action Plan, The Neimaur Group LLC | F20: =SUM(F4:F19) -> 1000

Sheet WEB
B2: Websites Owned List
B3: Name and URL of Website | C3: Details (if Required) | D3: Owner | E3: Type of Website (See below) | F3: What is it used for?
B4: www.moneyactionplan.com | H4: EXPLANATION:
H5: If you own any websites, wholely or partially, list them here. This is mainly for informational purposes. The value of a website depends on its intended purpose, i.e. is it's purpose to create income or is it only for personal or corporate information.
H11: You should also have the logon and passwords available for your heirs but NOT necessarily on this form for security purposes. There is a form called For MY Eyes Only where you can list these.
B20: Copyright 2017-2023 Money Action Plan, The Neimaur Group LLC
B22: TYPES OF WEBSITES
B23: There are many different types of websites, each with their own unique purpose and features. Here are some of the most common types of websites:
B24: 1. E-commerce websites: | C24: allow customers to purchase products or services directly from the website.
B25: 2. Blogging websites: | C25: feature blog posts on a particular topic or a range of topics. They can be personal blogs, news blogs, or professional blogs.
B26: 3. Social media websites: | C26: allow users to connect and interact with each other, share content, and communicate through messaging and chat features.
B27: 4. News and media websites: | C27: provide news and information on current events, entertainment, and other topics.
B28: 5. Educational websites: | C28: provide educational resources such as courses, tutorials, and online classes.
B29: 6. Government and non-profit websites: | C29: provide information and resources related to government agencies, non-profit organizations, and public services.
B30: 7. Personal websites: | C30: created by individuals for personal or professional purposes, such as portfolios or personal blogs.
B31: 8. Community and forum websites: | C31: provide a platform for online communities to interact, share information and discuss topics of interest.
B32: 9. Business websites: | C32: designed to showcase a business and its products or services, providing information to potential customers and clients.

Sheet SOCIAL
B2: Social Media Accounts List
B3: Name on Account | C3: Platform (See below for the most common) | D3: Owner | E3: What is it used for?
B4: Tom Smith | C4: Facebook | D4: Tom Smith | E4: Family contact | G4: EXPLANATION:
B5: Sue Smith | C5: LinkedIn | D5: Sue Smith | E5: Business networking | G5: If you have any social media accounts list them here. This is mainly for informational purposes so your family will know about the accounts.
B6: Inspired Creations | C6: Pinterest | D6: Sue Smith | E6: Business products
G9: You should also have the logon and passwords available for your heirs but NOT necessarily on this form for security purposes. There is a form called For MY Eyes Only where you can list these.
B20: Copyright 2017-2023 Money Action Plan, The Neimaur Group LLC
B22: SOCIAL MEDIA PLATFORMS
B23: There are many social media platforms available today, but some of the most popular and widely used ones include:
B24: Facebook
B25: YouTube
B26: WhatsApp
B27: Instagram
B28: TikTok
B29: Twitter
B30: LinkedIn
B31: Snapchat
B32: Pinterest
... B34: Tumblr

Sheet BUSINESS
B2: Business Owned List
B3: Legal Business Name | C3: Names of All Owners | D3: Percent Owned | E3: Address of Owner | F3: Phone # | G3: Email | H3: Valuation | I3: Have Business Org Document Y/N | J3: Copy Attached Y/N
B4: Acme Things | C4: Tom Smith | D4: 100 | H4: 18000 | I4: Y | J4: Y | L4: EXPLANATION:
L5: Any business that you own, either solely or partially, should be listed here. If you have a good idea of the value of this, you can list it. Of course this is only for estimating and planning. When your estate is being administered, this will be professionally valued for estate settlement purposes.
B20: Copyright 2017-2023 Money Action Plan, The Neimaur Group LLC | H20: =SUM(H4:H19) -> 18000

Sheet OTHER
B2: Other Assets not listed elsewhere
B3: Item or Account | C3: More Details (if Required) | D3: Owner(s), if necessary | E3: Estimated Value or Appraisal | F3: NOTES
B4: Painting | E4: 500 | H4: EXPLANATION:
B5: Jewelry | C5: Diamond necklace | D5: Sue Smith | E5: 2800 | H5: List here any other assets that you have that should be considered as part of your estate.
B7: Art Collection | C7: 15 limited edition prints by Norman Rockwell | D7: Tom and Sue Smith | E7: 15000
B9: Stamp Collection | C9: includes several rare stamps | D9: Tom Smith | E9: 7500
B11: Classic Car | C11: 1968 AMC AMX | D11: Tom Smith | E11: 18000
B20: Copyright 2017-2023 Money Action Plan, The Neimaur Group LLC | E20: =SUM(E4:E19) -> 43800

Sheet BEQUESTS
B2: Specific Bequests List
B3: Item or Account | C3: More Details (if Required) | D3: Owner(s), if necessary | E3: Estimated Value or Amount of Bequest | F3: Who Should Get it
B4: Painting | E4: 500 | F4: Nephew | H4: EXPLANATION:
B5: Cash donation | E5: 10000 | F5: American Red Cross | H5: List here any specific items, accounts or dollar amounts you wish to give to specific individuals or organizations.
B7: Art Collection | C7: 15 limited edition prints by Norman Rockwell | D7: Tom and Sue Smith | E7: 15000 | F7: Brother - Bill
B20: Copyright 2017-2023 Money Action Plan, The Neimaur Group LLC | E20: =SUM(E4:E19) -> 25500

Sheet MY Eyes Only
B2: FOR MY EYES ONLY
B3: WEBSITES I OWN: | C3: Logon ID | D3: Password | E3: NOTES:
B4: =WEB!B4 -> www.moneyactionplan.com
G5: This form is for listing logons and passwords for websites and social media accounts. It is not necessay for your estate attorney to have these unless they eventually become the executor of your estate.
B13: SOCIAL MEDIA ACCOUNTS
B14: Facebook
B15: LinkedIn
B26: OTHER WEBSITE LOGONS AND PASSWORDS
B27: Amazon
B28: Staples
B29: HomeDepot
B38: EMAIL ADDRESSES:
B39: tom993367@gmail.com
B50: Copyright 2017-2023 Money Action Plan, The Neimaur Group LLC
